 Dungeon Crawl Stone Soup version 0.27.1-4-g1640c2035a (webtiles) character file.

Game seed: 13530273945542071821

12 ABBCCCDDDD the Sneak (level 2, -2/27 HPs)
             Began as a Hill Orc Delver on Nov 2, 2021.
             Slain by a hound (5 damage)
             ... on level 5 of the Dungeon.
             The game lasted 00:00:49 (141 turns).

ABBCCCDDDD the Sneak (Hill Orc Delver)               Turns: 141, Time: 00:00:50

Health: -2/27      AC:  8    Str: 14    XL:     2   Next: 33%
Magic:  2/2        EV:  6    Int: 10    God:
Gold:   0          SH:  0    Dex: 12    Spells: 1/1 levels left

rFire    . . .     SeeInvis .   a - +0 hand axe
rCold    . . .     Faith    .   (no shield)
rNeg     . . .     Spirit   .   i - +0 chain mail
rPois    .         Reflect  .   (no helmet)
rElec    .         Harm     .   (no cloak)
rCorr    .         Rampage  .   (no gloves)
Will     .....                  (no boots)
Stlth    ..........             (no amulet)
HPRegen  0.09/turn              (no ring)
MPRegen  0.08/turn              (no ring)

@: hasted, very quick
A: no striking features
a: no special abilities


You were on level 5 of the Dungeon.
You visited 1 branch of the dungeon, and saw 2 of its levels.

Inventory:

Hand Weapons
 a - a +0 hand axe (weapon)
Armour
 b - a +0 leather armour
 i - a +0 chain mail (worn)
Wands
 g - a wand of digging (3)
Scrolls
 c - a scroll of fog
 d - a scroll of magic mapping
 e - a scroll of fear
 h - a scroll of enchant armour {unknown}


   Skills:
 + Level 3.8 Fighting
 * Level 3.3 Axes
 + Level 0.9 Armour
 - Level 1.5 Dodging
 - Level 4.1 Stealth


You had one spell level left.
You didn't know any spells.
Your spell library contained the following spells:

 Spells                   Type           Power      Damage    Failure   Level
 Blink                    Tloc           N/A        N/A       100%        2
 Manifold Assault         Tloc           0%         N/A       100%        5
 Storm Form               Tmut/Air       0%         N/A       100%        7


Dungeon Overview and Level Annotations

Branches:
Dungeon (6/15)
 Temple: D:4-7

Altars:

Shops:
D:5 [

Annotations:
D:5 3 runed translucent doors, hurston's ghost, novice GrFi


Message History

The hound is lightly wounded.
The hound barely misses you. The hound bites you.
You closely miss the hound.
The hound is lightly wounded.
The hound bites you but does no damage. The hound bites you.
You closely miss the hound.
The hound is lightly wounded.
The hound bites you. The hound bites you but does no damage.
You hit the hound.
The hound is heavily wounded.
The hound bites you.
You closely miss the hound.
The hound is heavily wounded.
The hound bites you but does no damage. The hound bites you.
You barely miss the hound.
The hound is heavily wounded.
The hound bites you but does no damage. The hound barely misses you.
You feel yourself speed up. The hound barely misses you.
You barely miss the hound.
The hound is heavily wounded.
The hound bites you.
* * * LOW HITPOINT WARNING * * *
You barely miss the hound.
The hound is heavily wounded.
The hound bites you but does no damage.
You barely miss the hound.
The hound is heavily wounded.
The hound bites you but does no damage. The hound bites you.
* * * LOW HITPOINT WARNING * * *
You closely miss the hound.
The hound is heavily wounded.
The hound bites you but does no damage.
You miss the hound.
The hound is heavily wounded.
The hound bites you.
* * * LOW HITPOINT WARNING * * *
You miss the hound.
The hound is heavily wounded.
The hound bites you.
You die...

....# #....###### #..#
....###......##)##..#
.....##...........#####
....Z.+...........#.#.#.
.....##...........#.....
....###...........+...$#
....# #...........+...[.
..[..##........#h.+Z...#
..).#.#........#@.#W....
.....##...##......#Z#.#.
...).....###....##### #
..... ##.......# ....#
#....#...###
...####..>#.....#
....#.#..#...#
.........#..##
##.......# ##


You could see a hound, hurston's ghost, a wyvern skeleton and a centaur
skeleton.

Levels and vault maps discovered:
D:5:      wad_pebble_path, layout_cave_pools, serial_shops,
          nicolae_take_the_stairs, gammafunk_ghost_necromancy
D:6:      layout_basic, minmay_strange_pillars, minmay_manual_mess

Notes
Turn   | Place    | Note
-------+----------+-------------------------------------------
     0 | D:5      | ABBCCCDDDD the Hill Orc Delver began the quest for the Orb.
     0 | D:5      | Reached XP level 1. HP: 19/19 MP: 1/1
    18 | D:6      | Noticed a wyvern zombie
    20 | D:5      | Found a runed translucent gate.
    21 | D:5      | Found a runed translucent gate.
    21 | D:5      | Found a runed translucent gate.
    32 | D:5      | Reached XP level 2. HP: 24/27 MP: 2/2
   121 | D:5      | Noticed hurston's ghost (novice GrFi)
   141 | D:5      | Slain by a hound

Table legend: (Time is in decaauts)
 A = Elapsed time spent in this place.
 B = Non-inter-level travel time spent in this place.
 C = Inter-level travel time spent in this place.
 D = Time resting spent in this place.
 E = Time spent auto-exploring this place.
 F = Levels seen in this place.
 G = Mean time per level.
                   A        B        C        D        E       F      G
               +--------+--------+--------+--------+--------+-----+--------+
         Total |    142 |    142 |      0 |     32 |      3 |   2 |   71.0 |
       Dungeon |    142 |    142 |      0 |     32 |      3 |   2 |   71.0 |
               +--------+--------+--------+--------+--------+-----+--------+

Top non-repeatable levels by time:
     D:5: 129 daAuts
     D:6: 12 daAuts

Table legend:
 A = Kills in this place as a percentage of kills in entire the game.
 B = Kills by you in this place as a percentage of kills by you in the entire game.
 C = Kills by friends in this place as a percentage of kills by friends in the entire game.
 D = Other kills in this place as a percentage of other kills in the entire game.
 E = Experience gained in this place as a percentage of experience gained in the entire game.
 F = Experience gained in this place divided by the number of levels of this place that you have seen.
                   A       B       C       D       E      F
               +-------+-------+-------+-------+-------+----------------------
         Total | 100.0 | 100.0 |   N/A |   N/A | 100.0 |   9.0
       Dungeon | 100.0 | 100.0 |   N/A |   N/A | 100.0 |   9.0
               +-------+-------+-------+-------+-------+----------------------

Action                   || total
-------------------------++-------
Melee: Hand axe          ||    24
  Use: Potion            ||     1
Armor: Chain mail        ||    11
Dodge: Dodged            ||    14

Vanquished Creatures
  A hound skeleton (D:5)
1 creature vanquished.
